 Dungeon Crawl Stone Soup version 0.24.0-13-gcf9b319 (webtiles) character file.

Game seed: 7049181563334197523, levelgen mode: deterministic

10 Dietz the Vexing (level 2, -1/11 HPs)
             Began as a Felid Enchanter on Nov 21, 2019.
             Slain by a leopard gecko (4 damage)
             ... on level 1 of the Dungeon.
             The game lasted 00:00:47 (210 turns).

Dietz the Vexing (Felid Enchanter)                   Turns: 210, Time: 00:00:47

Health: -1/11      AC:  1    Str:  4    XL:     2   Next: 10%
Magic:  5/6        EV: 18    Int: 16    God:
Gold:   28         SH:  0    Dex: 16    Spells: 4/5 levels left
                                        Lives:  0   Deaths: 0

rFire    . . .     SeeInvis +     - Unarmed
rCold    . . .     Gourm    .   (shield unavailable)
rNeg     . . .     Faith    .   (armour unavailable)
rPois    .         Spirit   .   (helmet unavailable)
rElec    .         Reflect  .   (cloak unavailable)
rCorr    .         Harm     .   (gloves unavailable)
MR       .....                  (boots unavailable)
Stlth    +++.......             (no amulet)
HPRegen  0.03/turn              (no ring)
MPRegen  0.10/turn              (no ring)

@: quick
A: very small, no armour, no weapons or thrown items, stealth, claws 1, fangs 3,
see invisible, carnivore, speed 1, shaggy fur 1, slow metabolism 1, sharp paws
a: no special abilities


You were on level 1 of the Dungeon.
You were not hungry.

You visited 1 branch of the dungeon, and saw 1 of its levels.

You collected 28 gold pieces.

Inventory:

Scrolls
 a - 2 scrolls of remove curse {unknown}
 c - a scroll of identify {unknown}
 d - a scroll of magic mapping {unknown}
Comestibles
 b - a ration


   Skills:
 - Level 2.6 Dodging
 - Level 4.0 Stealth
 + Level 2.2 Unarmed Combat
 - Level 2.0 Spellcasting
 - Level 4.4 Hexes


You had 4 spell levels left.
You knew the following spells:

 Your Spells              Type           Power        Failure   Level  Hunger
a - Corona                Hex            ###....      3%          1    #......

Your spell library contained the following spells:

 Spells                   Type           Power        Failure   Level  Hunger
 Confuse                  Hex            ###.....     11%         3    ###....
 Tukima's Dance           Hex            ###.....     11%         3    ###....
 Ensorcelled Hibernation  Hex/Ice        #.....       13%         2    ###....
 Dazzling Spray           Conj/Hex       #.....       26%         3    ###....


Dungeon Overview and Level Annotations

Branches:
Dungeon (1/15)

Altars:


Innate Abilities, Weirdness & Mutations

You cannot wear armour.
You are incapable of wielding weapons or throwing items.
Your paws allow you to move quietly. (Stealth)
You have sharp claws.
You have razor-sharp teeth.
You have supernaturally acute eyesight. (SInv)
You are carnivorous and can eat meat at any time.
You cover ground quickly.
You are covered in fur. (AC +1)
You have a slow metabolism.
Your sharp claws are effective at attacking unaware monsters.


Message History

Casting: Corona (safe; 3% risk of failure)
Confirm with . or Enter, or press ? or * to list all spells.
Aiming: Corona (safe; 3% risk of failure)
Press: ? - help, Shift-Dir - straight line, f/p - leopard gecko
Aim: a leopard gecko (clinging, chance to defeat MR: 69%)
The leopard gecko is outlined in light.
The leopard gecko closely misses you.
You scratch the leopard gecko.
The leopard gecko is severely wounded.
The leopard gecko barely misses you.
You closely miss the leopard gecko.
The leopard gecko is severely wounded.
The leopard gecko bites you.
* * * LOW HITPOINT WARNING * * *
You closely miss the leopard gecko.
The leopard gecko is severely wounded.
The leopard gecko closely misses you.
You closely miss the leopard gecko.
The leopard gecko is severely wounded.
The leopard gecko bites you.
You die...

#.# #.# #.# #
#.# # #.# #
#.# #.# ##
#.# .. #@# .#
##### #l# .#
#...#######.#
.#
#.....†...†.#
.#
#...#########
.# ##.## †#
#.# ## #.#
#.#


You could see a leopard gecko.

Vanquished Creatures
  A dart slug (D:1)
  A leopard gecko (D:1)
  2 bats (D:1)
  A goblin (D:1)
  A frilled lizard (D:1)
  A kobold (D:1)
  A rat (D:1)
8 creatures vanquished.

Notes
Turn   | Place    | Note
-------+----------+-------------------------------------------
     0 | D:1      | Dietz the Felid Enchanter began the quest for the Orb.
     0 | D:1      | Reached XP level 1. HP: 7/7 MP: 4/4
   156 | D:1      | Reached XP level 2. HP: 10/11 MP: 6/6
   210 | D:1      | Slain by a leopard gecko

Levels and vault maps discovered:
D:1:      lightli_arrival_isolated_outpost, layout_loops_ring

Skill      XL: |  1 |
---------------+----+-----
Unarmed Combat | 2 |  2.2
Dodging        | |  2.6
Stealth        | |  4.0
Spellcasting   | |  2.0
Hexes          | |  4.4

Action                   || total
-------------------------++-------
Melee: Unarmed           ||    26
       Bite              ||     2
 Cast: Corona            ||     2
 Stab: Sleeping          ||     6
Armor: Skin              ||     1
Dodge: Dodged            ||    18
